 Dungeon Crawl Stone Soup version 0.31-a0-222-gefeffbb62a (webtiles) character file.

Game seed: 1217817787526966336

554 qw the Chopper (level 7, 0/43 HPs)
             Began as a Gargoyle Fighter on July 5, 2023.
             Was an Initiate of Okawaru.
             Slain by Prince Ribbit (10 damage)
             ... on level 4 of the Dungeon.
             The game lasted 00:01:53 (3159 turns).

qw the Chopper (Gargoyle Fighter)                   Turns: 3159, Time: 00:01:53

Health: 0/43       AC: 30    Str: 21    XL:     7   Next: 30%
Magic:  7/7        EV:  6    Int:  9    God:    Okawaru [......]
Gold:   191        SH:  4    Dex:  9    Spells: 6/6 levels left

rFire   . . .        Y - +0 war axe (protect)
rCold   . . .        c - +0 buckler
rNeg    + . .        t - +0 plate armour
rPois   inf          (no helmet)
rElec   +            (no cloak)
rCorr   .            (no gloves)
SInv    .            m - +1 pair of boots
Will    +....        (no amulet) Stlth
                     p - ring of willpower
HPRegen 0.27/turn    l - +4 ring of protection
MPRegen 0.10/turn

%: no passive effects
@: under a protective aura
A: sickness immunity, AC +4, negative energy resistance 1, electricity
resistance, torment resistance 1, petrification resistance
a: Renounce Religion


You were on level 4 of the Dungeon.
You worshipped Okawaru.
Okawaru was noncommittal.
You visited 2 branches of the dungeon, and saw 6 of its levels.

You collected 191 gold pieces.


Innate Abilities, Weirdness & Mutations

You are immune to sickness and miasma.
Your stone body is resilient. (AC +4)
You are immune to poison.
You resist negative energy. (rN+)
You are resistant to electric shocks. (rElec)
You are resistant to unholy torment.
You are immune to petrification.


   Skills:
 - Level 4.1 Fighting
 + Level 6.2 Axes
 - Level 4.6 Armour
 - Level 3.2 Shields


You had 6 spell levels left.
You didn't know any spells.
Your spell library was empty.

Inventory:

Hand Weapons
 u - a +4 flail of protection
 Y - a +0 war axe of protection (weapon)
Armour
 c - a +0 buckler (worn)
 m - a +1 pair of boots (worn)
 t - a +0 plate armour (worn)
Jewellery
 k - a ring of ice
 l - a +4 ring of protection (right hand)
 p - a ring of willpower (left hand)
 q - an amulet of guardian spirit
Scrolls
 n - a scroll of identify
Potions
 a - 2 potions of lignification
 b - a potion of degeneration {unknown}
 d - 2 potions of might
 e - a potion of enlightenment {unknown}
 f - a potion of magic {unknown}
 g - a potion of haste {unknown}
 h - a potion of mutation {unknown}
 i - a potion of brilliance {unknown}
 j - a potion of curing
 r - a potion of heal wounds {unknown}

Dungeon Overview and Level Annotations

Branches:
Dungeon (5/15)             Temple (1/1) D:4

Altars:
Cheibriados
Gozag
Okawaru
Qazlal
Ru
Trog
Uskayaw
Vehumet
Xom
Yredelemnul
The Shining One

Shops:
D:1 =

Annotations:
D:4 Prince Ribbit


Message History

Enter note:
Enter note:
Enter note:
Enter note:
Enter note:
Enter note:
Enter note:
Enter note:
Enter note:
Enter note: You miss Prince Ribbit.
Prince Ribbit hits you but does no damage.
You closely miss Prince Ribbit.
Prince Ribbit hits you but does no damage.
You block Prince Ribbit's attack.
You closely miss Prince Ribbit. Prince Ribbit hits you.
Prince Ribbit hits you but does no damage.
You closely miss Prince Ribbit.
Prince Ribbit hits you but does no damage.
You closely miss Prince Ribbit. Prince Ribbit hits you!
You block Prince Ribbit's attack.
You barely miss Prince Ribbit. Prince Ribbit barely misses you.
Prince Ribbit hits you!
You closely miss Prince Ribbit. Prince Ribbit hits you!
You barely miss Prince Ribbit.
Prince Ribbit blinks! x2
You miss Prince Ribbit.
Prince Ribbit hits you but does no damage.
Prince Ribbit completely misses you.
You hit Prince Ribbit.
Your weapon exudes an aura of protection.
Prince Ribbit is lightly wounded.
Prince Ribbit lets out a mournful croak.
Prince Ribbit hits you but does no damage. x2
You miss Prince Ribbit.
Prince Ribbit is lightly wounded.
Prince Ribbit barely misses you. Prince Ribbit hits you!
You die...

### ###### ##.#######.#..#
##..#.##..#....# #....).........#
##............######
##....##......##.#.####
#.....##......##...##.##
#.....###..............#
#......###F@........#..##
##.......##.#......##...####
##................##..###..
###.....#..#.....##.##....
##.#..##.###............. ###
#........##............#.
####.####...........##........##.
#.#....#...........###.....#..#..
..#.................##.....#.....


You could see Prince Ribbit.

Vanquished Creatures
  A water moccasin (D:4)
  A black bear (D:4)
  2 phantoms (D:4)
  A jelly (D:4)
  An iguana (D:4)
  Ijyb (D:4)
  A mummy (D:3)
  A gnoll (D:1)
  4 adders
  A worm (D:3)
  3 dart slugs
  4 orcs (D:3)
  7 endoplasms
  2 giant cockroaches
  7 goblins
  10 hobgoblins
  2 quokkas
  6 ball pythons
  4 bats
  4 frilled lizards
  3 kobolds
  6 rats
72 creatures vanquished.

Notes
Turn   | Place    | Note
-------+----------+-------------------------------------------
     0 | D:1      | qw the Gargoyle Fighter began the quest for the Orb.
     0 | D:1      | Reached XP level 1. HP: 14/14 MP: 1/1
     0 | D:1      | 0 ||| qw: Version: 0.3-a-46-gb1f654a
     0 | D:1      | 0 ||| qw: Game counter: 994
     0 | D:1      | 0 ||| qw: Melee chars always use a shield: true
     0 | D:1      | 0 ||| qw: God list: Okawaru
     0 | D:1      | 0 ||| qw: Allow faded altars: false
     0 | D:1      | 0 ||| qw: Do Orc after clearing Dungeon:15 true
     0 | D:1      | 0 ||| qw: Do second Lair branch before Depths: true
     0 | D:1      | 0 ||| qw: Lair rune preference: random
     0 | D:1      | 0 ||| qw: Goals: Normal, Zot:1-4, Slime:5, God:TSO, Crypt,
                  | Tomb, Abyss, Pan, Hells, Win
     0 | D:1      | 0 ||| PLANNING D:1-11
    32 | D:1      | Reached skill level 2 in Axes
   132 | D:1      | 132 ||| FLEEEEING.
   133 | D:1      | 133 ||| FLEEEEING.
   192 | D:1      | Reached XP level 2. HP: 19/19 MP: 2/2
   456 | D:1      | Found Oniaxtupt's Jewellery Shop.
   469 | D:1      | 469 ||| SHOPLISTING +4 ring of slaying (1092 gold, have
                  | 39).
   469 | D:1      | 469 ||| SHOPLISTING +5 ring of evasion (504 gold, have 39).
   469 | D:1      | 469 ||| SHOPLISTING +6 ring of strength (504 gold, have
                  | 39).
   469 | D:1      | 469 ||| SHOPLISTING amulet of reflection (420 gold, have
                  | 39).
   469 | D:1      | 469 ||| SHOPLISTING ring of ice (350 gold, have 39).
   469 | D:1      | 469 ||| SHOPLISTING ring of see invisible (210 gold, have
                  | 39).
   516 | D:1      | 516 ||| Stepping ~*~*~tactically~*~*~ (hiding).
   630 | D:1      | Reached skill level 3 in Axes
   630 | D:1      | Reached XP level 3. HP: 23/23 MP: 3/3
   937 | D:1      | 937 ||| DROPPING +6 ring of intelligence.
   938 | D:1      | 938 ||| READING scroll labelled ATIUGA OHEOL.
   939 | D:1      | 939 ||| READING scroll labelled BIMEEV FYROAPS.
   940 | D:1      | 940 ||| READING scroll labelled HOTWOVVOTOOW.
   941 | D:1      | 941 ||| READING scroll labelled EJUUGR TAHEULL.
   985 | D:2      | 985 ||| Stepping ~*~*~tactically~*~*~ (stealth).
   986 | D:2      | 986 ||| Stepping ~*~*~tactically~*~*~ (stealth).
  1078 | D:2      | HP: 4/23 [frozen (2)]
  1084 | D:2      | Reached XP level 4. HP: 7/28 MP: 4/4
  1104 | D:2      | 1104 ||| Stepping ~*~*~tactically~*~*~ (stealth).
  1417 | D:2      | 1417 ||| Stepping ~*~*~tactically~*~*~ (hiding).
  1731 | D:2      | 1731 ||| UPGRADING to +1 pair of boots.
  1736 | D:2      | 1736 ||| UPGRADING to +0 chain mail.
  1746 | D:2      | 1746 ||| DROPPING +0 scale mail.
  1747 | D:2      | 1747 ||| UPGRADING to amulet of guardian spirit.
  1752 | D:2      | 1752 ||| UPGRADING to ring of willpower.
  1753 | D:2      | 1753 ||| READING scroll labelled RYOMMA HUILAOTSE.
  1754 | D:2      | 1754 ||| DRINKING 2 sapphire potions.
  1755 | D:2      | 1755 ||| READING 2 scrolls of identify.
  1755 | D:2      | 1755 ||| IDENTIFYING dark potion
  1792 | D:3      | Reached skill level 4 in Axes
  1805 | D:3      | 1805 ||| Stepping ~*~*~tactically~*~*~ (stealth).
  1825 | D:3      | Found a shimmering altar of Xom.
  1857 | D:3      | Found a faded altar of an unknown god.
  1948 | D:3      | Found a snail-covered altar of Cheibriados.
  2055 | D:3      | 2055 ||| DROPPING +0 club.
  2056 | D:3      | 2056 ||| DROPPING +2 vampiric whip.
  2191 | D:3      | Noticed a +0 dagger
  2192 | D:3      | Noticed a +0 dagger
  2195 | D:3      | Found a hide-covered altar of Uskayaw.
  2228 | D:3      | 2228 ||| Stepping ~*~*~tactically~*~*~ (stealth).
  2445 | D:3      | 2445 ||| UPGRADING to +0 plate armour.
  2455 | D:3      | 2455 ||| DROPPING +0 chain mail.
  2456 | D:3      | 2456 ||| DROPPING ring of flight.
  2457 | D:3      | 2457 ||| READING scroll labelled ENLAETSEFUX.
  2458 | D:3      | 2458 ||| READING scroll labelled UHASENO BAROU.
  2492 | D:4      | Reached XP level 5. HP: 32/32 MP: 5/5
  2492 | D:4      | Noticed a phantom
  2510 | D:4      | Killed a phantom
  2511 | D:4      | Reached skill level 5 in Axes
  2523 | D:4      | 2523 ||| FLEEEEING.
  2524 | D:4      | 2524 ||| FLEEEEING.
  2525 | D:4      | 2525 ||| FLEEEEING.
  2526 | D:4      | 2526 ||| FLEEEEING.
  2527 | D:4      | 2527 ||| FLEEEEING.
  2539 | D:4      | Reached XP level 6. HP: 31/38 MP: 4/6
  2600 | D:4      | Noticed Ijyb
  2611 | D:4      | Killed Ijyb
  2636 | D:4      | Noticed a black bear
  2648 | D:4      | Killed a black bear
  2680 | D:4      | Reached skill level 6 in Axes
  2717 | D:4      | Found a staircase to the Ecumenical Temple.
  2718 | D:4      | 2718 ||| PLANNING TEMPLE
  2718 | D:4      | 2718 ||| DROPPING ring of wizardry.
  2719 | D:4      | 2719 ||| READING scroll labelled ROTAXT MUDAJ.
  2729 | Temple   | Entered the Ecumenical Temple
  2743 | Temple   | 2743 ||| PLANNING D:1-11
  2804 | D:4      | Reached XP level 7. HP: 40/43 MP: 5/7
  2860 | D:4      | 2860 ||| Stepping ~*~*~tactically~*~*~ (stealth).
  2883 | D:4      | 2883 ||| Stepping ~*~*~tactically~*~*~ (stealth).
  2886 | D:4      | 2886 ||| Stepping ~*~*~tactically~*~*~ (stealth).
  2961 | D:4      | Found a sacrificial altar of Ru.
  3067 | D:4      | Found an iron altar of Okawaru.
  3068 | D:4      | 3068 ||| PLANNING OKAWARU WORSHIP
  3075 | D:4      | Became a worshipper of Warmaster Okawaru
  3076 | D:4      | 3076 ||| PLANNING D:1-11
  3076 | D:4      | 3076 ||| REMOVING amulet of guardian spirit.
  3129 | D:4      | 3129 ||| UPGRADING to +4 ring of protection.
  3140 | D:5      | Entered Level 5 of the Dungeon
  3140 | D:5      | Noticed Prince Ribbit
  3146 | D:5      | 3146 ||| STAIRDANCE
  3154 | D:4      | HP: 8/43 [Prince Ribbit (13)]
  3159 | D:4      | Slain by Prince Ribbit

Levels and vault maps discovered:
D:1:      wander_arrival_peaceful_grave, layout_basic, serial_shops, shop
D:2:      layout_loops_ring
D:3:      layout_basic, mainiacjoe_overflow_brackets, dancing_weapons_uskayaw,
          slow_altar_1, hellmonk_ecumenical_altar_crossroads,
          grunt_decor_resistance, minmay_misc_feat_alley, minmay_misc_feat_iff,
          dk_noncrumbling_4
D:4:      layout_cave_pools, nicolae_ru_path_of_blood, okawaru_gym_becter,
          temple_fountains, uniq_ijyb
D:5:      layout_basic, lemuel_tele_altar, uniq_crazy_yiuf_cottage,
          uniq_prince_ribbit1, uniq_menkaure
Temple:   nicolae_temple_stand_before_the_council

Skill      XL: |  1  2  3  4  5  6  7 |
---------------+----------------------+-----
Axes           | 2 3 4 5 6 |  6.2
Fighting       | 4 |  4.1
Armour         | 4 |  4.6
Shields        | |  3.2

Action                     |  1- 3 |  4- 6 |  7- 9 || total
---------------------------+-------+-------+-------++-------
  Melee: War axe           |   111 |    89 |    35 ||   235
  Throw: Boomerang         |       |    31 |       ||    31
    Use: Scroll            |     4 |     5 |       ||     9
         Potion            |       |     1 |       ||     1
 Armour: Scale mail        |    51 |     4 |       ||    55
         Chain mail        |       |    12 |       ||    12
         Plate armour      |       |    37 |    27 ||    64
  Dodge: Dodged            |    57 |    25 |    11 ||    93
  Block: Buckler           |    22 |    20 |     7 ||    49

Table legend:
 A = Non-vault XP
 B = Vault XP
 C = Vault XP percentage of total XP
 D = Non-vault monster count
 E = Vault monster count
 F = Vault count percentage of total count
                 A         B        C        D         E       F
            +---------+---------+-------+---------+---------+-------
      Total |     738 |      54 |   6.8 |      70 |       2 |   2.8
            +---------+---------+-------+---------+---------+-------
        D:1 |      45 |       0 |   0.0 |      20 |       0 |   0.0
        D:2 |      52 |       0 |   0.0 |      18 |       0 |   0.0
        D:3 |      47 |      18 |  27.7 |      16 |       1 |   5.9
        D:4 |     594 |      36 |   5.7 |      16 |       1 |   5.9
            +---------+---------+-------+---------+---------+-------
